 Dungeon Crawl Stone Soup version 0.26-a0-672-g1df16c3386 (webtiles) character file.

Game seed: 1804146042411934783

86 dolemite99 the Ruffian (level 4, -1/44 HPs)
             Began as a Troll Delver on Oct 20, 2020.
             Killed from afar by Ijyb (16 damage)
             ... with a bolt of acid
             ... on level 3 of the Dungeon.
             The game lasted 00:02:19 (470 turns).

dolemite99 the Ruffian (Troll Delver)                Turns: 470, Time: 00:02:20

Health: -1/44      AC: -2    Str: 18 (21) XL:     4   Next: 27%
Magic:  3/3        EV: 10    Int:  4 (6)  God:
Gold:   29         SH:  0    Dex: 10 (11) Spells: 3/3 levels left

rFire    . . .     SeeInvis .     - Unarmed
rCold    . . .     Faith    .   (no shield)
rNeg     . . .     Spirit   .   a - +0 robe
rPois    .         Reflect  .   (helmet restricted)
rElec    .         Harm     .   (no cloak)
rCorr    .         Rampage  .   (gloves unavailable)
MR       .....                  (boots unavailable)
Stlth    ++........             (no amulet)
HPRegen  0.54/turn              (no ring)
MPRegen  0.08/turn              (no ring)

@: corroded
A: large, unfitting armour, claws 3, regeneration 1, shaggy fur 1, tough skin 3
a: no special abilities


You were on level 3 of the Dungeon.
You visited 1 branch of the dungeon, and saw 3 of its levels.

You collected 29 gold pieces.

Inventory:

Missiles
 h - 43 stones (quivered)
Armour
 a - a +0 robe (worn)
Wands
 f - a wand of digging (3)
Scrolls
 b - 2 scrolls of fog
 c - a scroll of magic mapping
 d - a scroll of teleportation {unknown}
 i - 3 scrolls of identify {unknown}
Potions
 g - 2 potions of degeneration


   Skills:
 - Level 2.4 Fighting
 - Level 1.5 Dodging
 - Level 2.7 Stealth
 + Level 4.6 Unarmed Combat


You had 3 spell levels left.
You didn't know any spells.
Your spell library was empty.

Dungeon Overview and Level Annotations

Branches:
Dungeon (5/15)
 Temple: D:4-7

Altars:

Shops:
D:5 =

Annotations:
D:3 Ijyb


Innate Abilities, Weirdness & Mutations

You are too large for most types of armour.
You have claws for hands.
Your natural rate of healing is unusually fast.
You are covered in fur. (AC +1)
You have extremely tough skin. (AC +3)


Message History

You scratch Ijyb but do no damage. Ijyb hits you with a +0 dagger.
* * * LOW HITPOINT WARNING * * *
You scratch Ijyb but do no damage.
Ijyb zaps a wand.
The bolt of acid misses you.
You claw Ijyb!
Ijyb is moderately wounded.
Ijyb completely misses you.
You completely miss Ijyb.
Ijyb is moderately wounded.
Ijyb hits you but does no damage.
You claw Ijyb!
Ijyb is severely wounded.
Ijyb hits you but does no damage.
You scratch Ijyb.
Ijyb is almost dead.
Ijyb screams, "Me kill you!"
Ijyb zaps a wand.
The bolt of acid hits you!
You die...

##### ..... ...... #
#####...... #########
###.......$..
........#####...#........
..................#...###
..>.....#........#..###
....^...#.......@..##
........#.#..####g##
........#....# #..#
........#...## [<.?.
.###......... ....##.. ##
#.##..>.#. #..### ... #
#......... #.. .. #
#......##. ... # #
...#....# ..##


You could see Ijyb.

Vanquished Creatures
  An orc priest (D:4)
  A worker ant (D:4)
  Terence (D:3)
  A worm (D:5)
  An adder skeleton (D:5)
  An orc (D:3)
  A giant cockroach (D:3)
  A hobgoblin (D:3)
  2 jackals (D:5)
  A kobold (D:3)
11 creatures vanquished.

Notes
Turn   | Place    | Note
-------+----------+-------------------------------------------
     0 | D:5      | dolemite99 the Troll Delver began the quest for the Orb.
     0 | D:5      | Reached XP level 1. HP: 22/22 MP: 0/0
    45 | D:4      | Noticed an orc priest
    57 | D:5      | Found Jasokhag's Jewellery Emporium.
   238 | D:5      | Reached XP level 2. HP: 29/29 MP: 1/1
   274 | D:4      | Reached skill level 3 in Unarmed Combat
   274 | D:4      | Reached XP level 3. HP: 36/36 MP: 2/2
   278 | D:4      | Reached skill level 4 in Unarmed Combat
   291 | D:3      | Noticed Terence
   375 | D:3      | Killed Terence
   375 | D:3      | Reached XP level 4. HP: 38/44 MP: 3/3
   457 | D:3      | Noticed Ijyb
   470 | D:3      | Killed from afar by Ijyb

Illustrated notes

Levels and vault maps discovered:
D:3:      layout_rooms, uniq_terence, uniq_ijyb
D:4:      layout_rooms, fedhas_altar_4, uniq_pikel
D:5:      layout_cave_pods, minmay_temple_entry_tees, serial_shops,
          kennysheep_mini_moat, shop_statue, shop, nicolae_shop_waterfront,
          uniq_crazy_yiuf_cottage

Skill      XL: |  1  2  3 |
---------------+----------+-----
Unarmed Combat | 3 4 |  4.6
Fighting       | |  2.4
Dodging        | |  1.5
Stealth        | |  2.7

Action                   |  1- 3 |  4- 6 || total
-------------------------+-------+-------++-------
Melee: Unarmed           |    27 |     8 ||    35
Throw: Stone             |     9 |       ||     9
  Use: Potion            |     1 |     2 ||     3
       Scroll            |     1 |       ||     1
Armor: Robe              |    12 |       ||    12
Dodge: Dodged            |    19 |     3 ||    22

Table legend: (Time is in decaauts)
 A = Elapsed time spent in this place.
 B = Non-inter-level travel time spent in this place.
 C = Inter-level travel time spent in this place.
 D = Time resting spent in this place.
 E = Time spent auto-exploring this place.
 F = Levels seen in this place.
 G = Mean time per level.
                   A        B        C        D        E       F      G
               +--------+--------+--------+--------+--------+-----+--------+
         Total |    449 |    449 |      0 |    121 |    126 |   3 |  149.7 |
       Dungeon |    449 |    449 |      0 |    121 |    126 |   3 |  149.7 |
               +--------+--------+--------+--------+--------+-----+--------+

Top non-repeatable levels by time:
     D:5: 268 daAuts
     D:3: 164 daAuts
     D:4: 16 daAuts
